 Dungeon Crawl Stone Soup version 0.18-a0-1027-g814d7dd (webtiles) character file.

84 JokEr the Covered (level 4, -2/29 HPs)
             Began as a Gargoyle Fighter on Jan 8, 2016.
             Slain by a gnoll
             ... wielding a +0 flail
              (9 damage)
             ... on level 2 of the Dungeon.
             The game lasted 00:01:52 (1033 turns).

JokEr the Covered (Gargoyle Fighter)                Turns: 1033, Time: 00:01:52

Health: -2/29      AC: 10    Str: 25    XL:     4   Next: 46%
Magic:  4/4        EV: 13    Int:  9    God:
Gold:   73         SH: 10    Dex: 14    Spells: 0 memorised, 3 levels left

rFire  . . .     SeeInvis .     a - +0 flail
rCold  . . .     Gourm    .     b - +0 scale mail
rNeg   + . .     Faith    .     c - +0 shield
rPois  ∞         Spirit   .     (no helmet)
rElec  +         Dismiss  .     (no cloak)
rCorr  .         Reflect  .     (no gloves)
SustAt .         Harm     .     (no boots)
MR     .....                    (no amulet)
Stlth  +.........               (no ring)
                                (no ring)

@: mighty, agile, not resistant to hostile enchantments, very unstealthy
A: negative energy resistance 1, electricity resistance, unbreathing,
petrification resistance, rot immunity, AC +3
a: no special abilities


You were on level 2 of the Dungeon.
You were not hungry.

You visited 1 branch of the dungeon, and saw 2 of its levels.

You collected 73 gold pieces.

Inventory:

Hand Weapons
 a - a +0 flail (weapon)
Armour
 b - a +0 scale mail (worn)
 c - a +0 shield (worn)
Jewellery
 e - an uncursed ring of protection from magic {unknown}
Scrolls
 k - 3 scrolls of identify
Potions
 g - a potion of agility
 l - a potion of cancellation {unknown}
 n - 4 potions of heal wounds {unknown}
Comestibles
 f - a bread ration
 h - 9 chunks of flesh
 i - a beef jerky
 j - a meat ration


   Skills:
 + Level 3.9 Fighting
 + Level 2.4 Maces & Flails
 + Level 4.0 Armour
 + Level 1.0 Dodging
 + Level 3.9 Shields


You had 3 spell levels left.
You didn't know any spells.

Dungeon Overview and Level Annotations

Branches:
Dungeon (2/15)

Altars:


Innate Abilities, Weirdness & Mutations

You are resistant to torment.
Your stone body is resilient (AC +3).
You are immune to poison.
You resist negative energy.
You are resistant to electric shocks.
You can survive without breathing.
You are immune to petrification.
You are immune to rotting.


Message History

You are too injured to fight recklessly!
You are too injured to fight recklessly!
Drink which item? (? for menu, Esc to quit)
You feel very mighty all of a sudden. The gnoll barely misses you.
You block the gnoll's attack.
Drink which item? (? for menu, Esc to quit)
You feel agile all of a sudden. You block the gnoll's attack.
You thump the gnoll!
The gnoll is severely wounded.
The gnoll barely misses you. x2
You closely miss the gnoll.
The gnoll is severely wounded.
The gnoll barely misses you. The gnoll hits you but does no damage.
The gnoll completely misses you.
You thump the gnoll!
You kill the gnoll!
Your Armour skill increases to level 4!
You block the gnoll's attack. The gnoll hits you with a flail!
You die...

#..#.8†_.8.#
#>##..8.8).#
###.##...8...###
(.#.##.......#..
#.#.#####.####.###
#.....†...##......
#†g.###.###..#.... #g###
#.###.##.... ## #@#
#..##.##.... ....####.#
##.......... ...?....(#
###..##....
...###÷.########.###....
#...........###....
#.########....÷.... ##.#
#.#####...
##..########.######..
#.......#............


You could see 2 gnolls.

Vanquished Creatures
  A gnoll (D:2)
  3 adders
  An ooze (D:1)
  3 worms
  A giant gecko (D:1)
  6 hobgoblins
  7 bats
  3 giant newts (D:1)
  7 goblins
  4 kobolds
  2 rats
38 creatures vanquished.

Notes
Turn   | Place    | Note
--------------------------------------------------------------
     0 | D:1      | JokEr the Gargoyle Fighter began the quest for the Orb.
     0 | D:1      | Reached XP level 1. HP: 14/14 MP: 1/1
    72 | D:1      | Reached XP level 2. HP: 17/19 MP: 2/2
   586 | D:2      | Found a faded altar to an unknown god.
   597 | D:1      | Reached XP level 3. HP: 21/23 MP: 3/3
   914 | D:2      | Reached XP level 4. HP: 24/29 MP: 4/4
   979 | D:2      | Reached skill level 1 in Dodging
  1033 | D:2      | Reached skill level 4 in Armour
  1033 | D:2      | Slain by a gnoll

Vault maps used:
D:1:      dpeg_arrival_tiny_a
D:2:      ecumenical_altar_2

Action                   |  1- 3 |  4- 6 || total
-------------------------+-------+-------++-------
Melee: Flail             |   101 |    34 ||   135
  Use: Scroll            |     5 |       ||     5
       Potion            |       |     2 ||     2
  Eat: Chunk             |       |     1 ||     1
